Remparts vs Patriotes

Created - February 20, 2019 at 06:51

Goals
1 2 3 T
Remparts 1 4 1 6
Patriotes 0 2 0 2
Shots
1 2 3 T
Remparts 15 15 10 40
Patriotes 5 19 10 34

1st period

1. Remparts , Guillaume Desbiens 31 (Max Reinhart 38) at 16:59

Penalties :
Jared Knight (Nyc) for Slashing (Minor) at 12:38

2nd period

2. Remparts , Max Reinhart 26 (Pontus Aberg 27) at 0:14 (PP)
3. Remparts , Guillaume Desbiens 32 (Pontus Aberg 28, Max Reinhart 39) at 1:24
4. Patriotes , Tyler Randell 40 (Jason Zucker 50, Shea Theodore 15) at 4:17
5. Patriotes , Aleksander Barkov 16 (Justin Florek 14, Dillon Heatherington 8) at 10:23
6. Remparts , Chris Mueller 20 (Justin Williams 21) at 11:54
7. Remparts , Brandon Mashinter 18 (Erik Gustafsson 28, Ryan Strome 34) at 15:56

Penalties :
Tyler Randell (Nyc) for Hooking (Minor) at 0:03, Cédric Lalonde-McNicoll (Que) for Holding (Minor) at 18:00

3rd period

8. Remparts , Guillaume Desbiens 33 (Griffin Reinhart 19, Michal Jordan 21) at 0:56 (PP)

Penalties :
Aaron Ness (Nyc) for High sticking (Minor) at 0:40, Guillaume Desbiens (Que) for Interference (Minor) at 1:18, Guillaume Desbiens (Que) for Interference (Minor) at 16:42

Goalie Stats

Jason Missiaen (Que), 32 saves from 34 shots - (0.941), W, 21-12-2, 60:00 minutes
Thomas Greiss (Nyc), 34 saves from 40 shots - (0.850), L, 15-16-1, 60:00 minutes

Players Stats for Remparts

Player Name              G  A  P  +/- PIM S  H  SB GA TA FO     MP     PP MP  PK MP  
------------------------------------------------------------------------------------
Brandon Gormley          0  0  0  -1  0   4  3  3  0  1  0/0    26:24   1:20   3:20 
Brandon Mashinter        1  0  1   1  0   2  3  2  1  0  6/8    11:40   0:00   1:35 
Cédric Lalonde-McNicoll  0  0  0   0  2   6  2  0  0  1  5/10   16:04   1:00   1:03 
Chris Mueller            1  0  1   0  0   3  1  2  0  0  1/2     9:24   0:00   0:20 
Daniel Paille            0  0  0   0  0   4  1  0  1  0  1/2    18:01   1:00   3:02 
Erik Gustafsson          0  1  1  -1  0   1  4  3  0  0  0/0    25:32   1:20   2:37 
Griffin Reinhart         0  1  1   1  0   2  1  0  0  1  0/0    18:42   1:06   0:00 
Guillaume Desbiens       3  0  3   1  4   7  3  0  1  2  1/1    19:53   1:26   0:00 
Justin Williams          0  1  1   0  0   1  0  0  0  0  0/0     9:04   0:00   0:00 
Juuso Ikonen             0  0  0   0  0   0  1  0  0  0  0/0    10:17   0:00   1:13 
Keaton Thompson          0  0  0   2  0   1  1  1  0  1  0/0    14:54   0:00   2:37 
Max Reinhart             1  2  3   1  0   4  1  2  0  1  11/31  23:01   1:26   3:09 
Michal Jordan            0  1  1   1  0   1  2  0  0  0  0/0    18:42   1:06   0:00 
Nail Yakupov             0  0  0   1  0   3  1  0  0  0  0/0    10:05   0:00   0:00 
Niklas Hansson           0  0  0   2  0   0  0  2  0  0  0/0    15:46   0:00   3:20 
Pontus Aberg             0  2  2   1  0   0  1  0  1  1  0/1    19:52   1:26   0:00 
Roberts Lipsbergs        0  0  0   1  0   0  3  0  0  0  0/0    10:05   0:00   0:00 
Ryan Strome              0  1  1   0  0   1  2  0  0  0  1/1    16:34   1:00   1:32 

Players Stats for Patriotes

Player Name              G  A  P  +/- PIM S  H  SB GA TA FO     MP     PP MP  PK MP  
------------------------------------------------------------------------------------
Aaron Ness               0  0  0  -1  2   1  3  0  1  0  0/0    24:26   1:46   0:48 
Aleksander Barkov        1  0  1   1  0   3  1  0  0  0  3/9    12:51   0:00   0:00 
Austin Watson            0  0  0  -1  0   0  1  0  0  0  0/0     9:31   0:00   0:23 
Borna Rendulic           0  0  0   1  0   1  2  0  1  0  0/0    13:08   0:01   0:00 
Christian Hanson         0  0  0  -1  0   3  0  1  2  1  21/32  20:53   3:05   0:35 
Dale Weise               0  0  0  -1  0   1  3  0  0  0  0/0     9:08   0:00   0:00 
David Kolomatis          0  0  0  -1  0   4  1  7  0  2  0/0    29:21   2:38   1:38 
Dillon Heatherington     0  1  1   0  0   0  1  1  0  0  0/0    11:24   1:11   0:00 
Emerson Etem             0  0  0  -1  0   3  2  0  0  0  0/0    15:24   2:41   0:00 
Evgeny Kuznetsov         0  0  0  -1  0   2  3  0  1  0  3/7    15:52   2:41   0:00 
Jared Knight             0  0  0  -1  2   0  1  0  0  0  2/3     9:12   0:00   0:00 
Jason Zucker             0  1  1  -1  0   6  6  0  3  0  0/3    21:22   3:15   1:28 
Justin Florek            0  1  1   1  0   2  5  1  0  1  0/0    12:51   0:00   0:00 
Mario Lucia              0  0  0   0  0   0  0  0  0  0  0/0     0:00   0:00   0:00 
Matt Calvert             0  0  0  -1  0   2  0  1  0  0  0/0    16:57   2:41   1:28 
Maxim Mamin              0  0  0   0  0   0  0  0  0  0  0/0     0:00   0:00   0:00 
Riley Barber             0  0  0   0  0   0  0  0  0  0  0/0     0:49   0:11   0:00 
Robert Baillargeon       0  0  0   0  0   0  0  0  0  0  0/0     0:23   0:00   0:23 
Ryan Fitzgerald          0  0  0   0  0   0  0  0  0  0  0/1     1:53   0:11   0:00 
Shane Sims               0  0  0  -2  0   1  2  2  0  0  0/0    28:31   3:37   1:38 
Shea Theodore            0  1  1   0  0   1  5  1  0  0  0/0    21:09   2:42   0:48 
Tyler Randell            1  0  1  -1  2   4  4  0  0  0  1/1    22:26   3:05   0:35 

3 Stars

1 - Guillaume Desbiens (Que)
2 - Max Reinhart (Que)
3 - Brandon Mashinter (Que)

Power Play

Remparts - 2 on 3 Attempt(s) - 66.67%
Patriotes - 0 on 3 Attempt(s) - 0.00%

Penalty Kill

Remparts - 3 on 3 Attempt(s) - 100.00% - Score 0 goal in Penalty Kill
Patriotes - 1 on 3 Attempt(s) - 33.33% - Score 0 goal in Penalty Kill

Team Stat

Remparts - Hits : 30 - Faceoff Wins : 26 - Blocked Shots : 15 - Penalty Minutes : 6
Patriotes - Hits : 40 - Faceoff Wins : 30 - Blocked Shots : 14 - Penalty Minutes : 6

Official

Referees : Unknown
Linesman : Unknown

Game Notes

Guillaume Desbiens has scored a Hat Trick!

Finance

Level 1 -- Attendance: 1562 (78.10%) -- Ticket Income $62,480
Level 2 -- Attendance: 695 (69.50%) -- Ticket Income $13,900
Total Attendance: 2257 (75.23%)
Total Ticket Income: $76,380
Other Income: $3,819
Total Income: $80,199

Remparts

5 vs 5 Forward 
   Center                   Left Wing                Right Wing               Time % Phy DF OF 
 1 Max Reinhart             Pontus Aberg             Guillaume Desbiens       40     1   2  2  
 2 Cédric Lalonde-McNicoll  Daniel Paille            Ryan Strome              30     1   2  2  
 3 Brandon Mashinter        Roberts Lipsbergs        Nail Yakupov             20     1   2  2  
 4 Chris Mueller            Juuso Ikonen             Justin Williams          10     1   2  2  

5 vs 5 Defense 
   Defense                  Defense                                           Time % Phy DF OF 
 1 Brandon Gormley          Erik Gustafsson                                   40     1   2  2  
 2 Griffin Reinhart         Michal Jordan                                     30     1   2  2  
 3 Niklas Hansson           Keaton Thompson                                   20     1   2  2  
 4 Brandon Gormley          Erik Gustafsson                                   10     1   2  2  

PowerPlay Forward 
   Center                   Left Wing                Right Wing               Time % Phy DF OF 
 1 Max Reinhart             Pontus Aberg             Guillaume Desbiens       60     1   2  2  
 2 Cédric Lalonde-McNicoll  Daniel Paille            Ryan Strome              40     1   2  2  

PowerPlay Defense
   Defense                  Defense                                           Time % Phy DF OF 
 1 Brandon Gormley          Erik Gustafsson                                   60     1   2  2  
 2 Griffin Reinhart         Michal Jordan                                     40     1   2  2  

Penalty Kill 4 Players Forward 
   Center                   Wing                     Time % Phy DF OF 
 1 Max Reinhart             Daniel Paille            60     1   2  2  
 2 Cédric Lalonde-McNicoll  Ryan Strome              40     1   2  2  

Penalty Kill 4 Players Defense
   Defense                  Defense                  Time % Phy DF OF 
 1 Brandon Gormley          Niklas Hansson           60     1   2  2  
 2 Keaton Thompson          Erik Gustafsson          40     1   2  2  

Penalty Kill - 3 Players Forward 
   Forward                                           Time % Phy DF OF 
 1 Max Reinhart                                      60     1   2  2  
 2 Cédric Lalonde-McNicoll                           40     1   2  2  

Penalty Kill - 3 Players Defense
   Defense                  Defense                  Time % Phy DF OF 
 1 Brandon Gormley          Niklas Hansson           60     1   2  2  
 2 Keaton Thompson          Erik Gustafsson          40     1   2  2  

4 vs 4 Forward 
   Center                   Wing                     Time % Phy DF OF 
 1 Max Reinhart             Pontus Aberg             60     1   2  2  
 2 Cédric Lalonde-McNicoll  Ryan Strome              40     1   2  2  

4 vs 4 Defense
   Defense                  Defense                  Time % Phy DF OF 
 1 Brandon Gormley          Erik Gustafsson          60     1   2  2  
 2 Griffin Reinhart         Michal Jordan            40     1   2  2  

Last Minutes Offensive
   Center                   Left Wing                Right Wing               Defense                  Defense                  
   Max Reinhart             Pontus Aberg             Guillaume Desbiens       Brandon Gormley          Erik Gustafsson          

Last Minutes Defensive
   Center                   Left Wing                Right Wing               Defense                  Defense                  
   Max Reinhart             Daniel Paille            Ryan Strome              Brandon Gormley          Niklas Hansson           

Goaltenders
Starting : Jason Missiaen           
Backup : Tyler Plante             

Extra Forwards
Normal : Ryan Strome, Nail Yakupov, Max Reinhart - PP : Ryan Strome, Nail Yakupov - PK : Brandon Mashinter
Extra Defensemen
Normal : Griffin Reinhart, Brandon Gormley, Michal Jordan - PP : Griffin Reinhart - PK : Griffin Reinhart, Michal Jordan
Penalty Shots
Daniel Paille, Ryan Strome, Max Reinhart, Brandon Mashinter, Pontus Aberg

Scratches
Viktor Baldayev (Head Injury), Michael Downing (Healthy), Kyle Platzer (Healthy), Connor Honey (Healthy), Anton Zlobin (Healthy)
Mitchell Heard (Healthy), Tim Bozon (Healthy), Igor Bobkov (Healthy), François Brassard (Healthy)

Patriotes

5 vs 5 Forward 
   Center                   Left Wing                Right Wing               Time % Phy DF OF 
 1 Christian Hanson         Jason Zucker             Tyler Randell            40     1   2  2  
 2 Evgeny Kuznetsov         Matt Calvert             Emerson Etem             30     1   2  2  
 3 Aleksander Barkov        Justin Florek            Borna Rendulic           20     1   2  2  
 4 Jared Knight             Austin Watson            Dale Weise               10     1   2  2  

5 vs 5 Defense 
   Defense                  Defense                                           Time % Phy DF OF 
 1 Shane Sims               David Kolomatis                                   40     1   2  2  
 2 Aaron Ness               Shea Theodore                                     30     1   2  2  
 3 Dillon Heatherington     Shane Sims                                        20     1   2  2  
 4 David Kolomatis          Aaron Ness                                        10     1   2  2  

PowerPlay Forward 
   Center                   Left Wing                Right Wing               Time % Phy DF OF 
 1 Christian Hanson         Jason Zucker             Tyler Randell            60     1   2  2  
 2 Evgeny Kuznetsov         Matt Calvert             Emerson Etem             40     1   2  2  

PowerPlay Defense
   Defense                  Defense                                           Time % Phy DF OF 
 1 Shane Sims               David Kolomatis                                   60     1   2  2  
 2 Aaron Ness               Shea Theodore                                     40     1   2  2  

Penalty Kill 4 Players Forward 
   Center                   Wing                     Time % Phy DF OF 
 1 Jason Zucker             Matt Calvert             60     1   2  2  
 2 Christian Hanson         Tyler Randell            40     1   2  2  

Penalty Kill 4 Players Defense
   Defense                  Defense                  Time % Phy DF OF 
 1 Shane Sims               David Kolomatis          60     1   2  2  
 2 Aaron Ness               Shea Theodore            40     1   2  2  

Penalty Kill - 3 Players Forward 
   Forward                                           Time % Phy DF OF 
 1 Jason Zucker                                      60     1   2  2  
 2 Matt Calvert                                      40     1   2  2  

Penalty Kill - 3 Players Defense
   Defense                  Defense                  Time % Phy DF OF 
 1 Shane Sims               David Kolomatis          60     1   2  2  
 2 Aaron Ness               Shea Theodore            40     1   2  2  

4 vs 4 Forward 
   Center                   Wing                     Time % Phy DF OF 
 1 Jason Zucker             Matt Calvert             60     1   2  2  
 2 Christian Hanson         Tyler Randell            40     1   2  2  

4 vs 4 Defense
   Defense                  Defense                  Time % Phy DF OF 
 1 Shane Sims               David Kolomatis          60     1   2  2  
 2 Aaron Ness               Shea Theodore            40     1   2  2  

Last Minutes Offensive
   Center                   Left Wing                Right Wing               Defense                  Defense                  
   Christian Hanson         Jason Zucker             Tyler Randell            Shane Sims               David Kolomatis          

Last Minutes Defensive
   Center                   Left Wing                Right Wing               Defense                  Defense                  
   Christian Hanson         Jason Zucker             Tyler Randell            Shane Sims               David Kolomatis          

Goaltenders
Starting : Thomas Greiss            
Backup : Andrei Vasilevskiy       

Extra Forwards
Normal : Ryan Fitzgerald, Riley Barber, Robert Baillargeon - PP : Ryan Fitzgerald, Riley Barber - PK : Robert Baillargeon
Extra Defensemen
Normal : Dillon Heatherington, Shea Theodore, Shane Sims - PP : Dillon Heatherington - PK : Shea Theodore, Shane Sims
Penalty Shots
Jason Zucker, Matt Calvert, Christian Hanson, Tyler Randell, Evgeny Kuznetsov

Scratches
Anthony Bitetto (Concussion Injury), Phoenix Copley (Healthy)

% Time on Ice - Remparts

Lines # - Real PCT - Wanted PCT - Time Play
Normal Forward
1 - 36% - 40% - 18:26
2 - 27% - 30% - 14:02
3 - 20% - 20% - 10:05
4 - 18% - 10% - 9:04
Normal Defense
1 - 37% - 40% - 19:14
2 - 34% - 30% - 17:36
3 - 24% - 20% - 12:17
4 - 5% - 10% - 2:30
PP Forward
1 - 59% - 60% - 1:26
2 - 41% - 40% - 1:00
PP Defense
1 - 55% - 60% - 1:20
2 - 45% - 40% - 1:06
PK Forward
1 - 74% - 60% - 4:25
2 - 26% - 40% - 1:32
PK Defense
1 - 56% - 60% - 3:20
2 - 44% - 40% - 2:37
PK3 Forward
1 - 0% - 60%
2 - 0% - 40%
PK3 Defense
1 - 0% - 60%
2 - 0% - 40%
44 Forward
1 - 0% - 60%
2 - 0% - 40%
44 Defense
1 - 0% - 60%
2 - 0% - 40%
Last Minute Offensive  - 0:00
Last Minute Defensive  - 0:00
Total
Forward - 60:00
Defense - 60:00

% Time on Ice - Patriotes

Lines # - Real PCT - Wanted PCT - Time Play
Normal Forward
1 - 33% - 40% - 16:55
2 - 25% - 30% - 12:43
3 - 25% - 20% - 12:51
4 - 18% - 10% - 9:08
Normal Defense
1 - 39% - 40% - 20:04
2 - 33% - 30% - 16:56
3 - 18% - 20% - 9:30
4 - 10% - 10% - 5:07
PP Forward
1 - 55% - 60% - 3:16
2 - 45% - 40% - 2:41
PP Defense
1 - 64% - 60% - 3:50
2 - 36% - 40% - 2:07
PK Forward
1 - 76% - 60% - 1:51
2 - 24% - 40% - 0:35
PK Defense
1 - 67% - 60% - 1:38
2 - 33% - 40% - 0:48
PK3 Forward
1 - 0% - 60%
2 - 0% - 40%
PK3 Defense
1 - 0% - 60%
2 - 0% - 40%
44 Forward
1 - 0% - 60%
2 - 0% - 40%
44 Defense
1 - 0% - 60%
2 - 0% - 40%
Last Minute Offensive  - 0:00
Last Minute Defensive  - 0:00
Total
Forward - 60:00
Defense - 60:00

Play-by-Play

1st period


0:01 of 1st period - Christian Hanson wins face-off versus Max Reinhart in neutral zone.
0:08 of 1st period - Snap shot by Jason Zucker.
0:08 of 1st period - Stopped by Jason Missiaen with a rebound.
0:32 of 1st period - Slapshot by Emerson Etem.
0:32 of 1st period - Shot Misses the Net.
0:48 of 1st period - Aaron Ness is hit by Brandon Mashinter and loses puck.
0:53 of 1st period - Wrist shot by Brandon Mashinter.
0:53 of 1st period - Shot Misses the Net.
0:55 of 1st period - Slapshot by Erik Gustafsson.
0:55 of 1st period - Shot Blocked by Shea Theodore.
0:57 of 1st period - Wrist shot by Brandon Mashinter.
0:57 of 1st period - Deflect By Nail Yakupov.
0:57 of 1st period - Stopped by Thomas Greiss without a rebound.
0:58 of 1st period - Jared Knight wins face-off versus Chris Mueller in Patriotes zone.
0:58 of 1st period - Jared Knight is hit by Chris Mueller.
1:04 of 1st period - Snap shot by Jared Knight.
1:04 of 1st period - Shot Blocked by Chris Mueller.
1:28 of 1st period - Snap shot by Max Reinhart.
1:28 of 1st period - Shot Misses the Net.
2:11 of 1st period - Slapshot by Nail Yakupov.
2:11 of 1st period - Stopped by Thomas Greiss with a rebound.
2:37 of 1st period - Aaron Ness is hit by Erik Gustafsson and loses puck.
2:48 of 1st period - Backhand shot by Shea Theodore.
2:48 of 1st period - Deflect By Jason Zucker.
2:48 of 1st period - Shot Misses the Net.
2:48 of 1st period - Puck is out of play.
2:49 of 1st period - Max Reinhart wins face-off versus Christian Hanson in Remparts zone.
2:54 of 1st period - Shane Sims is hit by Guillaume Desbiens and loses puck.
2:59 of 1st period - Slapshot by Guillaume Desbiens.
2:59 of 1st period - Stopped by Thomas Greiss with a rebound.
3:50 of 1st period - Snap shot by Max Reinhart.
3:50 of 1st period - Stopped by Thomas Greiss with a rebound.
3:52 of 1st period - Slapshot by Brandon Gormley.
3:52 of 1st period - Shot Blocked by David Kolomatis.
3:54 of 1st period - Slapshot by Erik Gustafsson.
3:54 of 1st period - Shot Blocked by Shane Sims.
3:56 of 1st period - Slapshot by Brandon Gormley.
3:56 of 1st period - Shot Blocked by David Kolomatis.
4:04 of 1st period - Slapshot by Guillaume Desbiens.
4:04 of 1st period - Shot Misses the Net.
4:06 of 1st period - Snap shot by Guillaume Desbiens.
4:06 of 1st period - Shot Misses the Net.
4:08 of 1st period - Snap shot by Max Reinhart.
4:08 of 1st period - Shot Misses the Net.
4:16 of 1st period - David Kolomatis is hit by Michal Jordan and loses puck.
4:37 of 1st period - Slapshot by Guillaume Desbiens.
4:37 of 1st period - Deflect By Max Reinhart.
4:37 of 1st period - Shot Blocked by Christian Hanson.
4:37 of 1st period - Puck is out of play.
4:38 of 1st period - Evgeny Kuznetsov wins face-off versus Cédric Lalonde-McNicoll in Patriotes zone.
4:38 of 1st period - Evgeny Kuznetsov is hit by Ryan Strome.
4:44 of 1st period - Brandon Gormley is hit by Emerson Etem.
4:54 of 1st period - Wrist shot by Cédric Lalonde-McNicoll.
4:54 of 1st period - Stopped by Thomas Greiss with a rebound.
5:11 of 1st period - Brandon Mashinter is hit by Justin Florek and loses puck.
5:31 of 1st period - Wrist shot by Chris Mueller.
5:31 of 1st period - Shot Blocked by Dillon Heatherington.
7:30 of 1st period - Niklas Hansson is hit by Dillon Heatherington and loses puck.
9:33 of 1st period - Shane Sims is hit by Brandon Mashinter and loses puck.
10:50 of 1st period - Niklas Hansson is hit by Jared Knight and loses puck.
11:03 of 1st period - Slapshot by Cédric Lalonde-McNicoll.
11:03 of 1st period - Stopped by Thomas Greiss with a rebound.
11:46 of 1st period - Snap shot by Nail Yakupov.
11:46 of 1st period - Stopped by Thomas Greiss without a rebound.
11:47 of 1st period - Brandon Mashinter wins face-off versus Evgeny Kuznetsov in Patriotes zone.
12:13 of 1st period - Shea Theodore is hit by Griffin Reinhart and loses puck.
12:33 of 1st period - Backhand shot by Jared Knight.
12:33 of 1st period - Shot Blocked by Niklas Hansson.
12:38 of 1st period - Minor Penalty to Jared Knight for Slashing.
12:39 of 1st period - Ryan Strome wins face-off versus Jason Zucker in Patriotes zone.
12:41 of 1st period - Slapshot by Daniel Paille.
12:41 of 1st period - Shot Blocked by Matt Calvert.
12:51 of 1st period - Matt Calvert is hit by Cédric Lalonde-McNicoll and loses puck.
13:30 of 1st period - Shea Theodore is hit by Max Reinhart and loses puck.
14:20 of 1st period - Shane Sims is hit by Pontus Aberg and loses puck.
14:37 of 1st period - Matt Calvert is hit by Erik Gustafsson and loses puck.
14:38 of 1st period - Penalty to Jared Knight is over, Jared Knight is back on ice.
14:52 of 1st period - Wrist shot by Justin Florek.
14:52 of 1st period - Shot Blocked by Brandon Mashinter.
15:13 of 1st period - Snap shot by Jared Knight.
15:13 of 1st period - Shot Blocked by Chris Mueller.
15:28 of 1st period - Brandon Gormley is hit by Aaron Ness and loses puck.
15:51 of 1st period - Wrist shot by Christian Hanson.
15:51 of 1st period - Stopped by Jason Missiaen with a rebound.
15:59 of 1st period - Erik Gustafsson is hit by Borna Rendulic and loses puck.
16:22 of 1st period - Wrist shot by Tyler Randell.
16:22 of 1st period - Stopped by Jason Missiaen with a rebound.
16:24 of 1st period - Snap shot by Jared Knight.
16:24 of 1st period - Shot Hit the Post.
16:57 of 1st period - Backhand shot by Max Reinhart.
16:57 of 1st period - Stopped by Thomas Greiss with a rebound.
16:59 of 1st period - Snap shot by Guillaume Desbiens.
16:59 of 1st period - Goal by Guillaume Desbiens - Remparts : 1 - Patriotes : 0.
17:00 of 1st period - Max Reinhart wins face-off versus Christian Hanson in neutral zone.
18:21 of 1st period - Slapshot by Shea Theodore.
18:21 of 1st period - Stopped by Jason Missiaen without a rebound.
18:22 of 1st period - Cédric Lalonde-McNicoll wins face-off versus Jared Knight in Remparts zone.
18:27 of 1st period - Shane Sims is hit by Ryan Strome and loses puck.
18:34 of 1st period - Michal Jordan is hit by Austin Watson and loses puck.
18:47 of 1st period - Guillaume Desbiens is hit by Jason Zucker and loses puck.
18:52 of 1st period - Snap shot by Jason Zucker.
18:52 of 1st period - Shot Blocked by Max Reinhart.
18:54 of 1st period - Slapshot by Aaron Ness.
18:54 of 1st period - Shot Misses the Net.
18:56 of 1st period - Snap shot by Jason Zucker.
18:56 of 1st period - Stopped by Jason Missiaen with a rebound.
19:11 of 1st period - Guillaume Desbiens is hit by Justin Florek and loses puck.
19:33 of 1st period - Icing by Borna Rendulic.
19:34 of 1st period - Cédric Lalonde-McNicoll wins face-off versus Aleksander Barkov in Patriotes zone.
19:39 of 1st period - Snap shot by Ryan Strome.
19:39 of 1st period - Deflect By Cédric Lalonde-McNicoll.
19:39 of 1st period - Stopped by Thomas Greiss with a rebound.
19:41 of 1st period - Wrist shot by Cédric Lalonde-McNicoll.
19:41 of 1st period - Stopped by Thomas Greiss without a rebound.
19:42 of 1st period - Cédric Lalonde-McNicoll wins face-off versus Christian Hanson in Patriotes zone.
19:43 of 1st period - Wrist shot by Daniel Paille.
19:43 of 1st period - Stopped by Thomas Greiss with a rebound.
19:51 of 1st period - Snap shot by Ryan Strome.
19:51 of 1st period - Stopped by Thomas Greiss with a rebound.
19:53 of 1st period - Slapshot by Keaton Thompson.
19:53 of 1st period - Stopped by Thomas Greiss with a rebound.
19:55 of 1st period - Snap shot by Cédric Lalonde-McNicoll.
19:55 of 1st period - Shot Misses the Net.
19:57 of 1st period - Snap shot by Cédric Lalonde-McNicoll.
19:57 of 1st period - Stopped by Thomas Greiss with a rebound.
Goals for this period are 1 for Remparts vs 0 for Patriotes.
Shots for this period are 15 for Remparts vs 5 for Patriotes.

2nd period


0:01 of 2nd period - Christian Hanson wins face-off versus Max Reinhart in neutral zone.
0:03 of 2nd period - Minor Penalty to Tyler Randell for Hooking.
0:04 of 2nd period - Guillaume Desbiens wins face-off versus Jason Zucker in Patriotes zone.
0:14 of 2nd period - Snap shot by Max Reinhart.
0:14 of 2nd period - Goal by Max Reinhart - Remparts : 2 - Patriotes : 0.
0:15 of 2nd period - Max Reinhart wins face-off versus Christian Hanson in neutral zone.
0:25 of 2nd period - Snap shot by Tyler Randell.
0:25 of 2nd period - Shot Hit the Post.
0:27 of 2nd period - Wrist shot by Christian Hanson.
0:27 of 2nd period - Shot Misses the Net.
0:31 of 2nd period - Snap shot by Christian Hanson.
0:31 of 2nd period - Stopped by Jason Missiaen with a rebound.
0:41 of 2nd period - Guillaume Desbiens is hit by Justin Florek and loses puck.
0:55 of 2nd period - Max Reinhart is hit by Borna Rendulic and loses puck.
1:06 of 2nd period - Snap shot by Guillaume Desbiens.
1:06 of 2nd period - Deflect By Max Reinhart.
1:06 of 2nd period - Stopped by Thomas Greiss with a rebound.
1:24 of 2nd period - Snap shot by Guillaume Desbiens.
1:24 of 2nd period - Goal by Guillaume Desbiens - Remparts : 3 - Patriotes : 0.
1:25 of 2nd period - Christian Hanson wins face-off versus Cédric Lalonde-McNicoll in neutral zone.
1:48 of 2nd period - Brandon Gormley is hit by Jason Zucker.
1:58 of 2nd period - Slapshot by Shea Theodore.
1:58 of 2nd period - Shot Misses the Net.
2:02 of 2nd period - Snap shot by Evgeny Kuznetsov.
2:02 of 2nd period - Shot Blocked by Brandon Mashinter.
2:04 of 2nd period - Snap shot by Evgeny Kuznetsov.
2:04 of 2nd period - Shot Misses the Net.
2:06 of 2nd period - Snap shot by Matt Calvert.
2:06 of 2nd period - Shot Misses the Net.
2:08 of 2nd period - Wrist shot by Evgeny Kuznetsov.
2:08 of 2nd period - Shot Blocked by Erik Gustafsson.
2:22 of 2nd period - Wrist shot by Justin Williams.
2:22 of 2nd period - Shot Blocked by David Kolomatis.
2:24 of 2nd period - Slapshot by Michal Jordan.
2:24 of 2nd period - Shot Blocked by David Kolomatis.
2:26 of 2nd period - Wrist shot by Chris Mueller.
2:26 of 2nd period - Stopped by Thomas Greiss without a rebound.
2:27 of 2nd period - Chris Mueller wins face-off versus Aleksander Barkov in Patriotes zone.
2:30 of 2nd period - Slapshot by Griffin Reinhart.
2:30 of 2nd period - Stopped by Thomas Greiss without a rebound.
2:31 of 2nd period - Cédric Lalonde-McNicoll wins face-off versus Christian Hanson in Patriotes zone.
2:46 of 2nd period - Slapshot by Cédric Lalonde-McNicoll.
2:46 of 2nd period - Stopped by Thomas Greiss without a rebound.
2:47 of 2nd period - Max Reinhart wins face-off versus Evgeny Kuznetsov in Patriotes zone.
4:00 of 2nd period - Slapshot by Matt Calvert.
4:00 of 2nd period - Stopped by Jason Missiaen without a rebound.
4:01 of 2nd period - Tyler Randell wins face-off versus Max Reinhart in Remparts zone.
4:06 of 2nd period - Guillaume Desbiens is hit by Tyler Randell and loses puck.
4:11 of 2nd period - Slapshot by Jason Zucker.
4:11 of 2nd period - Stopped by Jason Missiaen with a rebound.
4:15 of 2nd period - Wrist shot by Jason Zucker.
4:15 of 2nd period - Shot Misses the Net.
4:17 of 2nd period - Wrist shot by Tyler Randell.
4:17 of 2nd period - Goal by Tyler Randell - Remparts : 3 - Patriotes : 1.
4:18 of 2nd period - Christian Hanson wins face-off versus Max Reinhart in neutral zone.
4:25 of 2nd period - Christian Hanson is hit by Guillaume Desbiens.
4:29 of 2nd period - Christian Hanson is hit by Erik Gustafsson and loses puck.
4:44 of 2nd period - Guillaume Desbiens is hit by Dale Weise and loses puck.
4:55 of 2nd period - Slapshot by Guillaume Desbiens.
4:55 of 2nd period - Stopped by Thomas Greiss with a rebound.
4:57 of 2nd period - Snap shot by Pontus Aberg.
4:57 of 2nd period - Shot Misses the Net.
5:11 of 2nd period - Justin Florek is hit by Cédric Lalonde-McNicoll and loses puck.
5:22 of 2nd period - Snap shot by Cédric Lalonde-McNicoll.
5:22 of 2nd period - Shot Blocked by Justin Florek.
6:01 of 2nd period - Chris Mueller is hit by Evgeny Kuznetsov and loses puck.
7:01 of 2nd period - Shea Theodore is hit by Guillaume Desbiens and loses puck.
7:08 of 2nd period - Slapshot by Guillaume Desbiens.
7:08 of 2nd period - Stopped by Thomas Greiss without a rebound.
7:09 of 2nd period - Christian Hanson wins face-off versus Brandon Mashinter in Patriotes zone.
7:24 of 2nd period - Snap shot by Nail Yakupov.
7:24 of 2nd period - Shot Misses the Net.
7:59 of 2nd period - Off-side.
8:00 of 2nd period - Cédric Lalonde-McNicoll wins face-off versus Christian Hanson in neutral zone.
8:03 of 2nd period - Snap shot by Brandon Gormley.
8:03 of 2nd period - Stopped by Thomas Greiss without a rebound.
8:04 of 2nd period - Christian Hanson wins face-off versus Cédric Lalonde-McNicoll in Patriotes zone.
8:15 of 2nd period - Snap shot by Daniel Paille.
8:15 of 2nd period - Stopped by Thomas Greiss with a rebound.
8:49 of 2nd period - David Kolomatis is hit by Michal Jordan.
9:16 of 2nd period - Wrist shot by Christian Hanson.
9:16 of 2nd period - Shot Misses the Net.
9:39 of 2nd period - Wrist shot by Matt Calvert.
9:39 of 2nd period - Stopped by Jason Missiaen with a rebound.
9:41 of 2nd period - Snap shot by Emerson Etem.
9:41 of 2nd period - Stopped by Jason Missiaen with a rebound.
9:43 of 2nd period - Snap shot by Evgeny Kuznetsov.
9:43 of 2nd period - Stopped by Jason Missiaen with a rebound.
9:45 of 2nd period - Backhand shot by Emerson Etem.
9:45 of 2nd period - Shot Misses the Net.
9:47 of 2nd period - Slapshot by David Kolomatis.
9:47 of 2nd period - Deflect By Emerson Etem.
9:47 of 2nd period - Stopped by Jason Missiaen with a rebound.
10:21 of 2nd period - Wrist shot by Justin Florek.
10:21 of 2nd period - Shot Blocked by Erik Gustafsson.
10:23 of 2nd period - Snap shot by Aleksander Barkov.
10:23 of 2nd period - Goal by Aleksander Barkov - Remparts : 3 - Patriotes : 2.
10:24 of 2nd period - Christian Hanson wins face-off versus Max Reinhart in neutral zone.
10:29 of 2nd period - Guillaume Desbiens is hit by Aaron Ness and loses puck.
10:36 of 2nd period - Wrist shot by Jason Zucker.
10:36 of 2nd period - Stopped by Jason Missiaen without a rebound.
10:37 of 2nd period - Christian Hanson wins face-off versus Max Reinhart in Remparts zone.
10:50 of 2nd period - Wrist shot by Christian Hanson.
10:50 of 2nd period - Shot Blocked by Brandon Gormley.
10:52 of 2nd period - Slapshot by Shane Sims.
10:52 of 2nd period - Stopped by Jason Missiaen without a rebound.
10:53 of 2nd period - Evgeny Kuznetsov wins face-off versus Cédric Lalonde-McNicoll in Remparts zone.
11:20 of 2nd period - Christian Hanson is hit by Brandon Gormley and loses puck.
11:50 of 2nd period - Snap shot by Justin Williams.
11:50 of 2nd period - Shot Misses the Net.
11:52 of 2nd period - Wrist shot by Chris Mueller.
11:52 of 2nd period - Stopped by Thomas Greiss with a rebound.
11:54 of 2nd period - Snap shot by Justin Williams.
11:54 of 2nd period - Deflect By Chris Mueller.
11:54 of 2nd period - Goal by Chris Mueller - Remparts : 4 - Patriotes : 2.
11:55 of 2nd period - Evgeny Kuznetsov wins face-off versus Max Reinhart in neutral zone.
12:31 of 2nd period - Snap shot by Daniel Paille.
12:31 of 2nd period - Stopped by Thomas Greiss without a rebound.
12:32 of 2nd period - Christian Hanson wins face-off versus Max Reinhart in Patriotes zone.
12:37 of 2nd period - Slapshot by David Kolomatis.
12:37 of 2nd period - Shot Misses the Net.
12:39 of 2nd period - Slapshot by David Kolomatis.
12:39 of 2nd period - Deflect By Jason Zucker.
12:39 of 2nd period - Stopped by Jason Missiaen without a rebound.
12:40 of 2nd period - Christian Hanson wins face-off versus Max Reinhart in Remparts zone.
12:41 of 2nd period - Slapshot by Jason Zucker.
12:41 of 2nd period - Stopped by Jason Missiaen without a rebound.
12:42 of 2nd period - Christian Hanson wins face-off versus Max Reinhart in Remparts zone.
13:13 of 2nd period - Icing by Jason Zucker.
13:14 of 2nd period - Christian Hanson wins face-off versus Cédric Lalonde-McNicoll in Patriotes zone.
13:23 of 2nd period - Erik Gustafsson is hit by Tyler Randell.
13:29 of 2nd period - Erik Gustafsson is hit by Shane Sims and loses puck.
14:00 of 2nd period - Ryan Strome is hit by Jason Zucker and loses puck.
14:09 of 2nd period - Slapshot by Christian Hanson.
14:09 of 2nd period - Stopped by Jason Missiaen with a rebound.
14:11 of 2nd period - Slapshot by David Kolomatis.
14:11 of 2nd period - Stopped by Jason Missiaen without a rebound.
14:12 of 2nd period - Max Reinhart wins face-off versus Evgeny Kuznetsov in Remparts zone.
14:12 of 2nd period - Max Reinhart is hit by Shea Theodore.
14:23 of 2nd period - Keaton Thompson is hit by Aaron Ness and loses puck.
14:42 of 2nd period - Icing by Nail Yakupov.
14:43 of 2nd period - Brandon Mashinter wins face-off versus Aleksander Barkov in Remparts zone.
14:48 of 2nd period - Dillon Heatherington is hit by Roberts Lipsbergs and loses puck.
15:01 of 2nd period - Snap shot by Aleksander Barkov.
15:01 of 2nd period - Shot Misses the Net.
15:03 of 2nd period - Slapshot by Shea Theodore.
15:03 of 2nd period - Shot Misses the Net.
15:05 of 2nd period - Snap shot by Aleksander Barkov.
15:05 of 2nd period - Stopped by Jason Missiaen with a rebound.
15:07 of 2nd period - Wrist shot by Aleksander Barkov.
15:07 of 2nd period - Deflect By Justin Florek.
15:07 of 2nd period - Stopped by Jason Missiaen without a rebound.
15:08 of 2nd period - Max Reinhart wins face-off versus Evgeny Kuznetsov in Remparts zone.
15:08 of 2nd period - Max Reinhart is hit by Evgeny Kuznetsov.
15:54 of 2nd period - Snap shot by Erik Gustafsson.
15:54 of 2nd period - Stopped by Thomas Greiss with a rebound.
15:56 of 2nd period - Wrist shot by Brandon Mashinter.
15:56 of 2nd period - Goal by Brandon Mashinter - Remparts : 5 - Patriotes : 2.
15:57 of 2nd period - Christian Hanson wins face-off versus Max Reinhart in neutral zone.
16:00 of 2nd period - Max Reinhart is hit by Jason Zucker and loses puck.
16:23 of 2nd period - Niklas Hansson is hit by Evgeny Kuznetsov and loses puck.
16:50 of 2nd period - Justin Florek is hit by Nail Yakupov and loses puck.
17:31 of 2nd period - Snap shot by Austin Watson.
17:31 of 2nd period - Shot Blocked by Keaton Thompson.
17:43 of 2nd period - Snap shot by Jared Knight.
17:43 of 2nd period - Shot Misses the Net.
17:45 of 2nd period - Snap shot by Jared Knight.
17:45 of 2nd period - Shot Blocked by Niklas Hansson.
17:47 of 2nd period - Slapshot by David Kolomatis.
17:47 of 2nd period - Shot Misses the Net.
17:49 of 2nd period - Snap shot by Dale Weise.
17:49 of 2nd period - Stopped by Jason Missiaen with a rebound.
17:51 of 2nd period - Snap shot by David Kolomatis.
17:51 of 2nd period - Stopped by Jason Missiaen with a rebound.
17:53 of 2nd period - Snap shot by Dale Weise.
17:53 of 2nd period - Shot Misses the Net.
18:00 of 2nd period - Minor Penalty to Cédric Lalonde-McNicoll for Holding.
18:01 of 2nd period - Max Reinhart wins face-off versus Christian Hanson in Remparts zone.
19:00 of 2nd period - Dillon Heatherington is hit by Brandon Gormley and loses puck.
0:00 of 3rd period - Penalty to Cédric Lalonde-McNicoll is over, Cédric Lalonde-McNicoll is back on ice.
Goals for this period are 4 for Remparts vs 2 for Patriotes.
Shots for this period are 15 for Remparts vs 19 for Patriotes.

3rd period


0:01 of 3rd period - Max Reinhart wins face-off versus Christian Hanson in neutral zone.
0:40 of 3rd period - Minor Penalty to Aaron Ness for High sticking.
0:41 of 3rd period - Max Reinhart wins face-off versus Jason Zucker in Patriotes zone.
0:42 of 3rd period - Snap shot by Guillaume Desbiens.
0:42 of 3rd period - Shot Misses the Net.
0:44 of 3rd period - Slapshot by Michal Jordan.
0:44 of 3rd period - Shot Blocked by David Kolomatis.
0:46 of 3rd period - Snap shot by Guillaume Desbiens.
0:46 of 3rd period - Shot Misses the Net.
0:50 of 3rd period - Snap shot by Guillaume Desbiens.
0:50 of 3rd period - Shot Misses the Net.
0:52 of 3rd period - Slapshot by Michal Jordan.
0:52 of 3rd period - Shot Misses the Net.
0:54 of 3rd period - Snap shot by Michal Jordan.
0:54 of 3rd period - Shot Misses the Net.
0:56 of 3rd period - Slapshot by Griffin Reinhart.
0:56 of 3rd period - Deflect By Guillaume Desbiens.
0:56 of 3rd period - Goal by Guillaume Desbiens - Remparts : 6 - Patriotes : 2.
0:57 of 3rd period - Christian Hanson wins face-off versus Max Reinhart in neutral zone.
1:00 of 3rd period - Snap shot by David Kolomatis.
1:00 of 3rd period - Shot Blocked by Brandon Gormley.
1:02 of 3rd period - Snap shot by Tyler Randell.
1:02 of 3rd period - Stopped by Jason Missiaen without a rebound.
1:03 of 3rd period - Christian Hanson wins face-off versus Pontus Aberg in Remparts zone.
1:04 of 3rd period - Slapshot by Tyler Randell.
1:04 of 3rd period - Shot Misses the Net.
1:06 of 3rd period - Wrist shot by Christian Hanson.
1:06 of 3rd period - Shot Misses the Net.
1:08 of 3rd period - Slapshot by David Kolomatis.
1:08 of 3rd period - Stopped by Jason Missiaen without a rebound.
1:09 of 3rd period - Christian Hanson wins face-off versus Max Reinhart in Remparts zone.
1:18 of 3rd period - Minor Penalty to Guillaume Desbiens for Interference.
1:19 of 3rd period - Christian Hanson wins face-off versus Max Reinhart in Remparts zone.
1:54 of 3rd period - Slapshot by David Kolomatis.
1:54 of 3rd period - Stopped by Jason Missiaen with a rebound.
1:56 of 3rd period - Wrist shot by Emerson Etem.
1:56 of 3rd period - Stopped by Jason Missiaen with a rebound.
2:12 of 3rd period - Daniel Paille is hit by Jason Zucker and loses puck.
2:47 of 3rd period - Christian Hanson is hit by Brandon Mashinter and loses puck.
3:10 of 3rd period - Daniel Paille is hit by Shea Theodore and loses puck.
3:18 of 3rd period - Penalty to Guillaume Desbiens is over, Guillaume Desbiens is back on ice.
3:27 of 3rd period - Nail Yakupov is hit by Aleksander Barkov and loses puck.
3:36 of 3rd period - Michal Jordan is hit by Justin Florek and loses puck.
4:00 of 3rd period - Dale Weise is hit by Erik Gustafsson and loses puck.
4:16 of 3rd period - Dale Weise is hit by Daniel Paille and loses puck.
4:24 of 3rd period - Icing by Austin Watson.
4:25 of 3rd period - Jared Knight wins face-off versus Max Reinhart in Patriotes zone.
4:30 of 3rd period - Pontus Aberg is hit by Shea Theodore and loses puck.
5:03 of 3rd period - Off-side.
5:04 of 3rd period - Aleksander Barkov wins face-off versus Daniel Paille in neutral zone.
5:29 of 3rd period - Michal Jordan is hit by Shea Theodore and loses puck.
5:56 of 3rd period - Evgeny Kuznetsov is hit by Roberts Lipsbergs and loses puck.
6:09 of 3rd period - Austin Watson is hit by Juuso Ikonen and loses puck.
6:16 of 3rd period - Slapshot by Justin Williams.
6:16 of 3rd period - Stopped by Thomas Greiss without a rebound.
6:17 of 3rd period - Christian Hanson wins face-off versus Max Reinhart in Patriotes zone.
6:36 of 3rd period - Pontus Aberg is hit by Tyler Randell and loses puck.
7:11 of 3rd period - Snap shot by Aleksander Barkov.
7:11 of 3rd period - Stopped by Jason Missiaen without a rebound.
7:12 of 3rd period - Aleksander Barkov wins face-off versus Max Reinhart in Remparts zone.
7:13 of 3rd period - Snap shot by Justin Florek.
7:13 of 3rd period - Shot Blocked by Max Reinhart.
7:17 of 3rd period - Wrist shot by Justin Florek.
7:17 of 3rd period - Stopped by Jason Missiaen without a rebound.
7:18 of 3rd period - Max Reinhart wins face-off versus Christian Hanson in Remparts zone.
7:22 of 3rd period - Off-side.
7:23 of 3rd period - Max Reinhart wins face-off versus Christian Hanson in neutral zone.
7:30 of 3rd period - Wrist shot by Pontus Aberg.
7:30 of 3rd period - Shot Misses the Net.
7:32 of 3rd period - Wrist shot by Guillaume Desbiens.
7:32 of 3rd period - Stopped by Thomas Greiss with a rebound.
7:34 of 3rd period - Slapshot by Brandon Gormley.
7:34 of 3rd period - Stopped by Thomas Greiss with a rebound.
7:36 of 3rd period - Slapshot by Brandon Gormley.
7:36 of 3rd period - Shot Blocked by Shane Sims.
8:15 of 3rd period - David Kolomatis is hit by Roberts Lipsbergs and loses puck.
8:54 of 3rd period - Jason Zucker is hit by Keaton Thompson and loses puck.
9:05 of 3rd period - Erik Gustafsson is hit by Shane Sims and loses puck.
9:10 of 3rd period - Wrist shot by Evgeny Kuznetsov.
9:10 of 3rd period - Shot Blocked by Erik Gustafsson.
9:12 of 3rd period - Snap shot by Matt Calvert.
9:12 of 3rd period - Shot Misses the Net.
9:16 of 3rd period - Snap shot by Evgeny Kuznetsov.
9:16 of 3rd period - Shot Misses the Net.
9:18 of 3rd period - Wrist shot by Evgeny Kuznetsov.
9:18 of 3rd period - Stopped by Jason Missiaen with a rebound.
9:30 of 3rd period - Slapshot by Brandon Gormley.
9:30 of 3rd period - Stopped by Thomas Greiss without a rebound.
9:31 of 3rd period - Aleksander Barkov wins face-off versus Brandon Mashinter in Patriotes zone.
9:40 of 3rd period - Wrist shot by Nail Yakupov.
9:40 of 3rd period - Deflect By Brandon Mashinter.
9:40 of 3rd period - Stopped by Thomas Greiss without a rebound.
9:41 of 3rd period - Christian Hanson wins face-off versus Max Reinhart in Patriotes zone.
10:29 of 3rd period - Guillaume Desbiens is hit by Dale Weise.
11:06 of 3rd period - Cédric Lalonde-McNicoll is hit by David Kolomatis and loses puck.
11:24 of 3rd period - Wrist shot by Nail Yakupov.
11:24 of 3rd period - Shot Misses the Net.
11:40 of 3rd period - Slapshot by Justin Williams.
11:40 of 3rd period - Shot Blocked by David Kolomatis.
11:46 of 3rd period - Backhand shot by Griffin Reinhart.
11:46 of 3rd period - Shot Misses the Net.
12:44 of 3rd period - Chris Mueller is hit by Tyler Randell and loses puck.
14:50 of 3rd period - Keaton Thompson is hit by Dale Weise.
14:56 of 3rd period - Backhand shot by Daniel Paille.
14:56 of 3rd period - Stopped by Thomas Greiss with a rebound.
14:58 of 3rd period - Slapshot by Michal Jordan.
14:58 of 3rd period - Stopped by Thomas Greiss without a rebound.
14:59 of 3rd period - Brandon Mashinter wins face-off versus Aleksander Barkov in Patriotes zone.
15:00 of 3rd period - Snap shot by Griffin Reinhart.
15:00 of 3rd period - Stopped by Thomas Greiss without a rebound.
15:01 of 3rd period - Brandon Mashinter wins face-off versus Aleksander Barkov in Patriotes zone.
15:28 of 3rd period - Wrist shot by Justin Williams.
15:28 of 3rd period - Shot Blocked by David Kolomatis.
15:48 of 3rd period - Wrist shot by Justin Florek.
15:48 of 3rd period - Shot Misses the Net.
15:50 of 3rd period - Slapshot by David Kolomatis.
15:50 of 3rd period - Shot Blocked by Brandon Gormley.
15:52 of 3rd period - Snap shot by Jason Zucker.
15:52 of 3rd period - Deflect By Tyler Randell.
15:52 of 3rd period - Stopped by Jason Missiaen with a rebound.
16:18 of 3rd period - Slapshot by Austin Watson.
16:18 of 3rd period - Shot Misses the Net.
16:20 of 3rd period - Snap shot by Aaron Ness.
16:20 of 3rd period - Stopped by Jason Missiaen without a rebound.
16:21 of 3rd period - Christian Hanson wins face-off versus Max Reinhart in Remparts zone.
16:42 of 3rd period - Minor Penalty to Guillaume Desbiens for Interference.
16:43 of 3rd period - Daniel Paille wins face-off versus Christian Hanson in Remparts zone.
17:38 of 3rd period - Keaton Thompson is hit by Shea Theodore.
18:18 of 3rd period - David Kolomatis is hit by Brandon Gormley.
18:26 of 3rd period - Brandon Gormley is hit by Emerson Etem and loses puck.
18:42 of 3rd period - Penalty to Guillaume Desbiens is over, Guillaume Desbiens is back on ice.
18:49 of 3rd period - Snap shot by Brandon Gormley.
18:49 of 3rd period - Stopped by Thomas Greiss without a rebound.
18:50 of 3rd period - Brandon Mashinter wins face-off versus Ryan Fitzgerald in Patriotes zone.
18:57 of 3rd period - Snap shot by Borna Rendulic.
18:57 of 3rd period - Stopped by Jason Missiaen without a rebound.
18:58 of 3rd period - Brandon Mashinter wins face-off versus Aleksander Barkov in Remparts zone.
19:13 of 3rd period - Off-side.
19:14 of 3rd period - Christian Hanson wins face-off versus Max Reinhart in neutral zone.
19:19 of 3rd period - Pontus Aberg is hit by Jason Zucker and loses puck.
19:28 of 3rd period - Slapshot by Jason Zucker.
19:28 of 3rd period - Shot Misses the Net.
19:30 of 3rd period - Slapshot by Tyler Randell.
19:30 of 3rd period - Shot Misses the Net.
19:40 of 3rd period - Pontus Aberg is hit by Justin Florek.
Goals for this period are 1 for Remparts vs 0 for Patriotes.
Shots for this period are 10 for Remparts vs 10 for Patriotes.